 Dungeon Crawl Stone Soup version 0.19.5 (webtiles) character file.

4774 Gargoyl the Spear-Bearer (level 10, -4/84 HPs)
             Began as a Ghoul Abyssal Knight on Mar 5, 2017.
             Was an Elder of Lugonu.
             Slain by a cyclops (18 damage)
             ... on level 9 of the Dungeon.
             The game lasted 00:24:28 (8379 turns).

Gargoyl the Spear-Bearer (Ghoul Abyssal Knight)     Turns: 8379, Time: 00:24:29

Health: -4/84      AC: 19    Str: 21    XL:     10   Next: 47%
Magic:  14/14      EV: 13    Int: 11    God:    Lugonu [****..]
Gold:   519        SH:  0    Dex: 19    Spells: 0 memorised, 9 levels left

rFire  . . .     SeeInvis .     f - +7 spear
rCold  + . .     Gourm    .     G - +0 plate armour
rNeg   + + +     Faith    .     (no shield)
rPois  ∞         Spirit   .     h - +0 helmet
rElec  .         Reflect  .     r - +2 cloak "Vackes" {Int+4 Dex+3}
rCorr  .         Harm     .     E - +0 pair of gloves (curse)
MR     +....                    (no boots)
Stlth  ..........               (no amulet)
                                p - +4 ring of strength
                                x - ring of protection from magic

@: agile, rotting
A: rotting body, claws 1, carnivore 3, cold resistance 1, negative energy
resistance 3, slow regeneration 1, torment resistance, unbreathing
a: Depart the Abyss, Bend Space, Banish, Corrupt, Renounce Religion


You were on level 9 of the Dungeon.
You worshipped Lugonu.
Lugonu was greatly pleased with you.
You were not hungry.

You visited 1 branch of the dungeon, and saw 9 of its levels.
You visited the Abyss 1 time.

You collected 519 gold pieces.

Inventory:

Hand Weapons
 a - a +1 hand axe
 f - a +7 spear (weapon)
 l - a +0 war axe
Missiles
 C - 4 tomahawks (quivered)
Armour
 h - a +0 helmet (worn)
 r - the +2 cloak "Vackes" (worn) {Int+4 Dex+3}
   (You found it on level 4 of the Dungeon)

   It affects your intelligence (+4).
   It affects your dexterity (+3).
 E - a cursed +0 pair of gloves (worn)
 G - a +0 plate armour (worn)
Jewellery
 p - a +4 ring of strength (right hand)
 w - an uncursed ring of protection from cold
 x - a ring of protection from magic (left hand)
 y - an uncursed ring of see invisible
Wands
 t - a wand of confusion (4/48)
 B - a wand of iceblast (8/15)
 D - a wand of slowing (21/48)
Scrolls
 e - 2 scrolls of recharging
 j - 6 scrolls of teleportation
 k - 2 scrolls of blinking
 o - 4 scrolls of remove curse
 q - a scroll of identify
 u - 3 scrolls of magic mapping
 v - a scroll of fog
Potions
 g - a potion of ambrosia {unknown}
 i - a potion of cancellation
 n - 2 potions of mutation
Books
 s - a book of Air

   Spells                             Type                      Level
   a - Shock                          Conjuration/Air              1
   b - Swiftness                      Charms/Air                   2
   c - Repel Missiles                 Charms/Air                   2
   d - Static Discharge               Conjuration/Air              3
   e - Lightning Bolt                 Conjuration/Air              5
 z - a book of Maledictions

   Spells                             Type                      Level
   a - Corona                         Hexes                        1
   b - Ensorcelled Hibernation        Hexes/Ice                    2
   c - Confuse                        Hexes                        3
   d - Tukima's Dance                 Hexes                        3
   e - Dazzling Spray                 Conjuration/Hexes            3
 A - a book of Conjurations

   Spells                             Type                      Level
   a - Magic Dart                     Conjuration                  1
   b - Searing Ray                    Conjuration                  2
   c - Dazzling Spray                 Conjuration/Hexes            3
   d - Fulminant Prism                Conjuration/Hexes            4
   e - Iskenderun's Mystic Blast      Conjuration                  4
   f - Iskenderun's Battlesphere      Conjuration/Charms           5
Comestibles
 b - 2 slices of pizza
 c - 2 meat rations
 d - 7 beef jerkies
 m - 3 chunks of flesh
 F - 2 royal jellies


   Skills:
 + Level 6.8 Fighting
 + Level 2.0(5.4) Axes
 + Level 8.0(8.1) Polearms
 + Level 0.1 Throwing
 * Level 7.2 Armour
 + Level 3.7 Dodging
 * Level 7.4 Invocations


You had 9 spell levels left.
You didn't know any spells.

Dungeon Overview and Level Annotations

Branches:
Dungeon (9/15)             Temple (0/1) D:6
   Lair: D:8-11         Orc: D:9-12

Altars:
Cheibriados
Fedhas
Nemelex Xobeh
Qazlal
Ru
Vehumet
Xom
Yredelemnul
The Shining One


Innate Abilities, Weirdness & Mutations

Your body is rotting away.
You thrive on raw meat.
You are immune to poison.
You have sharp fingernails.
You are carnivorous and can eat meat at any time.
Your flesh is cold resistant. (rC+)
You are immune to negative energy. (rN+++)
You regenerate slowly when monsters are visible.
You are immune to unholy pain and torment.
You can survive without breathing.


Message History

The cyclops is severely wounded.
The sky beast hits you but does no damage.
You hit the cyclops but do no damage.
The cyclops is severely wounded.
The cyclops hits you.
You hit the cyclops but do no damage.
The cyclops is severely wounded.
The sky beast barely misses you.
You puncture the cyclops!
The cyclops is almost dead.
The cyclops hits you!
* * * LOW HITPOINT WARNING * * *
The sky beast closely misses you.
You puncture the cyclops!
The cyclops is almost dead.
It was a potion of agility.
You feel agile all of a sudden.
The sky beast hits you but does no damage.
The cyclops hits you!!
You die...

.....................
.Y...................
..............#######
..............#######
....................
....................
####..(##########..
#########..(.......
....
......C@Y(.......?.
....
###################
## #


You could see a cyclops and a sky beast.

Vanquished Creatures
  Maurice (D:8)
  2 hippogriffs
  A mottled dragon (D:8)
  An orc warrior (D:9)
  2 sky beasts
  2 black bears
  4 ice beasts
  4 ogres
  The ghost of Eitelfritz the Skirmisher, an amateur DsAK of Lugonu (D:3)
  2 centaurs
  4 bullfrogs
  A wyvern skeleton (D:9)
  3 scorpions
  A water moccasin zombie (D:8)
  12 killer bees
  4 howler monkeys
  2 bullfrog zombies
  2 centaur zombies
  A quasit (D:8)
  3 orc priests
  5 hounds
  A bullfrog skeleton (D:7)
  2 jellies
  2 iguanas (D:9)
  10 orc wizards
  6 worker ants
  A hound zombie (D:5)
  Robin (D:2)
  A howler monkey skeleton (D:6)
  12 adders
  2 shadow imps
  2 oozes
  2 worms
  4 dart slugs
  3 leopard geckos
  28 orcs
  4 giant cockroaches
  16 goblins
  13 hobgoblins
  2 jackals (D:1)
  2 quokkas
  7 ball pythons
  5 bats
  6 frilled lizards
  A giant cockroach zombie (D:6)
  6 kobolds
  A leopard gecko skeleton (D:4)
  7 rats
205 creatures vanquished.

Vanquished Creatures (others)
  A vampire (D:9)
  An orc warrior (D:7)
2 creatures vanquished.

Grand Total: 207 creatures vanquished

Notes
Turn   | Place    | Note
-------+----------+-------------------------------------------
     0 | Abyss:1  | Gargoyl the Ghoul Abyssal Knight began the quest for the Orb.
     0 | Abyss:1  | Reached XP level 1. HP: 19/19 MP: 1/1
   103 | Abyss:2  | Noticed a yaktaur
   110 | Abyss:2  | Noticed a wind drake
   110 | Abyss:2  | a yaktaur changed into a wind drake
   114 | D:1      | Escaped the Abyss
   304 | D:1      | Reached skill level 1 in Dodging
   401 | D:1      | Reached XP level 2. HP: 13/26 MP: 2/2
   630 | D:1      | Reached * piety under Lugonu
  1170 | D:2      | Reached XP level 3. HP: 31/31 MP: 3/3
  1293 | D:2      | Found a blossoming altar of Fedhas.
  1341 | D:2      | Found a basalt altar of Yredelemnul.
  1412 | D:2      | Noticed Robin
  1710 | D:2      | Reached ** piety under Lugonu
  1743 | D:2      | Killed Robin
  1743 | D:2      | Reached skill level 1 in Polearms
  1743 | D:2      | Reached XP level 4. HP: 15/40 MP: 4/4
  2282 | D:3      | Noticed Eitelfritz's ghost (amateur DsAK)
  2303 | D:3      | Killed Eitelfritz's ghost
  2303 | D:3      | Reached skill level 2 in Polearms
  2303 | D:3      | Reached XP level 5. HP: 14/46 MP: 6/6
  2808 | D:3      | Reached XP level 6. HP: 36/52 MP: 7/7
  3246 | D:4      | Got a steaming cloak
  3252 | D:4      | Identified the +2 cloak "Vackes" {Int+4 Dex+3} (You found it on level 4 of the Dungeon)
  3590 | D:4      | Found a glowing golden altar of the Shining One.
  3678 | D:4      | Found a stormy altar of Qazlal.
  3838 | D:4      | Reached skill level 3 in Polearms
  3922 | D:5      | Entered Level 5 of the Dungeon
  4034 | D:5      | Reached XP level 7. HP: 53/60 MP: 8/8
  4109 | D:5      | Found a sacrificial altar of Ru.
  4330 | D:5      | Reached skill level 4 in Polearms
  4538 | D:5      | Reached XP level 8. HP: 67/67 MP: 10/10
  4749 | D:6      | Found a staircase to the Ecumenical Temple.
  4817 | D:6      | Reached *** piety under Lugonu
  4907 | D:6      | Reached skill level 5 in Polearms
  4970 | D:6      | Reached skill level 5 in Fighting
  4974 | D:6      | Reached skill level 5 in Armour
  4974 | D:6      | Reached skill level 5 in Invocations
  5142 | D:6      | Found a sparkling altar of Nemelex Xobeh.
  5232 | D:6      | Found a shimmering altar of Xom.
  5239 | D:6      | Found a radiant altar of Vehumet.
  5622 | D:7      | Reached XP level 9. HP: 23/74 MP: 12/12
  5910 | D:7      | Reached skill level 6 in Polearms
  6423 | D:7      | Found a snail-covered altar of Cheibriados.
  6705 | D:8      | Reached **** piety under Lugonu
  6943 | D:8      | Noticed Maurice
  7293 | D:8      | Killed Maurice
  7293 | D:8      | Reached skill level 7 in Polearms
  7293 | D:8      | Reached XP level 10. HP: 76/83 MP: 12/14
  8313 | D:9      | Reached skill level 8 in Polearms
  8359 | D:9      | Noticed a cyclops
  8379 | D:9      | Slain by a cyclops

Skill      XL: |  1  2  3  4  5  6  7  8  9 10 |
---------------+-------------------------------+-----
Dodging        | 1 2 3 |  3.7
Axes           | 2 |  2.0
Armour         | 2 3 4 5 6 7 |  7.2
Polearms       | 1 2 3 4 5 7 8 |  8.0
Invocations    | 3 4 5 6 7 |  7.4
Fighting       | 4 5 6 |  6.8
Throwing       | |  0.1

Action                   |  1- 3 |  4- 6 |  7- 9 | 10-12 || total
-------------------------+-------+-------+-------+-------++-------
Melee: Spear             |   123 |   150 |   407 |   188 ||   868
Throw: Tomahawk          |       |       |       |     4 ||     4
Invok: Depart the Abyss  |     1 |       |       |       ||     1
       Banish            |       |       |     1 |     2 ||     3
  Use: Scroll            |     3 |     5 |     8 |     2 ||    18
       Potion            |     2 |       |     3 |     1 ||     6
  Eat: Chunk             |    12 |    33 |    43 |    28 ||   116
Armor: Leather armour    |    33 |    32 |       |       ||    65
       Ring mail         |       |    11 |   139 |       ||   150
       Plate armour      |       |       |    35 |   142 ||   177
Dodge: Dodged            |    92 |   100 |   200 |    92 ||   484
